 Dungeon Crawl Stone Soup version 0.31.0-11-ge490571c62 (webtiles) character file.

Game seed: 8759733123488335412

258465 croobank the Unseen (level 19, 0/98 HPs)
             Began as a Felid Summoner on Jan 27, 2024.
             Was an Elder of Kikubaaqudgha.
             Killed from afar by an eleionoma (62 damage)
             ... with a spray of wooden splinters
             ... on level 2 of the Swamp on Jan 28, 2024.
             The game lasted 04:10:16 (52026 turns).

croobank the Unseen (Felid Summoner)               Turns: 52026, Time: 04:10:17

Health: 0/98       AC:  3    Str:  4    XL:     19   Next: 50%
Magic:  16/39      EV: 23    Int: 26    God:    Kikubaaqudgha [****..]
Gold:   2196       SH:  0    Dex: 16    Spells: 2/48 levels left
                                        Lives:  0   Deaths: 7

rFire   + . .        (weapon unavailable)
rCold   + + +        (shield unavailable)
rNeg    . . .        (body armour unavailable)
rPois   .            (helmet unavailable)
rElec   +            (cloak unavailable)
rCorr   .            (gloves unavailable)
SInv    +            (boots unavailable)
Will    +++..        r - amulet of Bufeat {Acrobat rElec rC++ Dex-2}
Stlth   ++++++++     E - ring of willpower
HPRegen 0.36/turn    D - ring of protection from fire
MPRegen 0.26/turn

%: acrobat
@: death channelling, animating dead
A: very small, claws 1, fangs 3, see invisible, shaggy fur 3, stealthy paws, no
weapons or thrown items, no armour, multi-lived
}: 1/15 runes: gossamer
a: Renounce Religion, Unearth Wretches


You were on level 2 of the Swamp.
You worshipped Kikubaaqudgha.
Kikubaaqudgha was greatly pleased with you.
You visited 7 branches of the dungeon, and saw 32 of its levels.
You also visited: Trove and Volcano.

You collected 4416 gold pieces.
You spent 2220 gold pieces at shops.

Inventory:

Armour
 m - a +0 scale mail
Jewellery
 a - the ring of Joliu {Ice rElec Will- rCorr Slay+4}
   (You found it on level 5 of the Lair of Beasts)

   [ring of ice]

   Ice:       It enhances your ice magic.
   Slay+4:    It affects your accuracy & damage with ranged weapons and melee
   (+4).
   rF-:       It makes you vulnerable to fire.
   rC+:       It protects you from cold.
   rElec:     It insulates you from electricity.
   Will-:     It decreases your willpower.
   rCorr:     It protects you from acid and corrosion.
 c - a ring of positive energy
 f - a +6 ring of dexterity
 o - a ring of fire
 r - the amulet of Bufeat (around neck) {Acrobat rElec rC++ Dex-2}
   (You found it on level 7 of the Dungeon)

   [amulet of the acrobat]

   Acrobat:   It increases your evasion while moving and waiting.
   Dex-2:     It affects your dexterity (-2).
   rC++:      It greatly protects you from cold.
   rElec:     It insulates you from electricity.
 t - a +6 ring of dexterity
 x - a ring of protection from cold
 y - a ring of flight
 C - the ring of Teryqaf {Wiz *Slow Str+5 Int+5}
   (You acquired it on level 5 of the Dungeon)

   [ring of wizardry]

   Wiz:       It improves your spell success rate.
   Str+5:     It affects your strength (+5).
   Int+5:     It affects your intelligence (+5).
   *Slow:     It may slow you when you take damage.
 D - a ring of protection from fire (right paw)
 E - a ring of willpower (left paw)
 J - a ring of ice
 P - a ring of magical power
 R - a ring of fire
Talismans
 M - a serpent talisman
 S - a granite talisman
Wands
 g - a wand of flame (64)
 i - a wand of mindburst (14)
 k - a wand of paralysis (39)
 u - a wand of polymorph (33)
 v - a wand of quicksilver (5)
 w - a wand of digging (15)
 G - a wand of roots (3)
Scrolls
 d - a scroll of teleportation
 e - 6 scrolls of revelation
 h - 2 scrolls of vulnerability
 j - a scroll of silence
 q - 4 scrolls of poison
 s - 8 scrolls of amnesia
 z - 3 scrolls of fear
 I - 14 scrolls of identify
 K - a scroll of immolation
 Q - 3 scrolls of fog
Potions
 b - 10 potions of curing
 l - 6 potions of mutation
 n - 6 potions of attraction
 A - 4 potions of resistance
 B - 4 potions of enlightenment
 F - a potion of invisibility
 H - 5 potions of lignification
 L - 3 potions of brilliance
 N - 2 potions of cancellation
 O - 4 potions of ambrosia
Miscellaneous
 p - a condenser vane


   Skills:
 - Level 10.0 Fighting
 - Level 10.0 Dodging
 - Level 20.6 Stealth
 + Level 15.4 Spellcasting
 - Level 3.0 Conjurations
 - Level 7.0 Hexes
 - Level 12.0 Summonings
 + Level 20.2 Necromancy
 - Level 5.0 Fire Magic
 - Level 7.0 Air Magic
 - Level 3.0 Alchemy
 - Level 4.3 Evocations
 + Level 3.2 Shapeshifting


You had 2 spell levels left.
You knew the following spells:

 Your Spells              Type           Power      Damage    Failure   Level
b - Call Imp              Summ           100%       N/A       1%          2
c - Call Canine Familiar  Summ           70%        N/A       1%          3
d - Summon Blazeheart Go  Fire/Summ      59%        N/A       1%          4
e - Summon Lightning Spi  Summ/Air       62%        N/A       1%          4
f - Summon Mana Viper     Hex/Summ       62%        N/A       1%          5
g - Summon Cactus Giant   Summ           35%        N/A       3%          6
A - Animate Dead          Necr           90%        N/A       0%          4
D - Death Channel         Necr           45%        N/A       1%          6
M - Mephitic Cloud        Conj/Alch/Air  42%        N/A       1%          3
N - Anguish               Hex/Necr       37%        N/A       1%          4
V - Borgnjor's Vile Clut  Necr/Erth      32%        N/A       1%          5

Your spell library contained the following spells:

 Spells                   Type           Power      Damage    Failure   Level
 Necrotise                Necr           100%       1d9       0%          1
 Summon Small Mammal      Summ           100%       N/A       1%          1
 Cigotuvi's Dreadful Rot  Necr/Alch/Air  100%       N/A       1%          2
 Mercury Vapours          Alch/Air       92%        N/A       1%          2
 Scorch                   Fire           92%        2d8       1%          2
 Freeze                   Ice            80%        1d9       2%          1
 Fugue of the Fallen      Necr           90%        N/A       0%          3
 Vampiric Draining        Necr           90%        2d12      0%          3
 Dispel Undead            Necr           90%        3d29      0%          4
 Inner Flame              Hex/Fire       50%        N/A       1%          3
 Summon Ice Beast         Ice/Summ       50%        N/A       1%          3
 Martyr's Knell           Necr/Summ      81%        N/A       1%          4
 Curse of Agony           Necr           90%        N/A       1%          5
 Haunt                    Necr/Summ      40%        N/A       3%          7
 Hailstorm                Conj/Ice       27%        3d8       4%          3
 Flame Wave               Conj/Fire      40%        2d11      4%          4
 Ignite Poison            Fire/Alch      40%        N/A       4%          4
 Borgnjor's Revivificati  Necr           45%        N/A       4%          8
 Infestation              Necr           45%        N/A       4%          8
 Summon Forest            Summ/Tloc      25%        N/A       6%          5
 Frozen Ramparts          Ice            40%        1d7       8%          3
 Monstrous Menagerie      Summ           35%        N/A       16%         7
 Summon Hydra             Summ           35%        N/A       16%         7
 Freezing Cloud           Conj/Ice/Air   18%        6-21      19%         5
 Irradiate                Conj/Alch      17%        3d17      22%         5
 Death's Door             Necr           45%        N/A       54%         9
 Eringya's Noxious Bog    Alch           17%        4d6       75%         6
 Ignition                 Fire           23%        3d8       100%        8


Dungeon Overview and Level Annotations

Branches:
Dungeon (15/15)            Temple (1/1) D:7            Lair (5/5) D:10
  Swamp (2/4) Lair:3       Spider (4/4) Lair:3        Slime (0/5) Lair:5
    Orc (2/2) D:11            Elf (3/3) Orc:2        Vaults (0/5) D:13
 Depths (0/4) D:15        Volcano (visited)

Altars:
Ashenzari
Cheibriados
Dithmenos
Elyvilon
Fedhas
Gozag
Hepliaklqana
Kikubaaqudgha
Makhleb
Nemelex Xobeh
Okawaru
Qazlal
Ru
Sif Muna
Trog
Uskayaw
Vehumet
Wu Jian
Xom
Yredelemnul
Zin
The Shining One
Jiyva

Shops:
D:2 (   D:4 (   D:5 *([!   D:11 ?   D:15 (   Orc:2 !=::

Annotations:
D:7 2 transporters, solopath's ghost, novice TrFi
D:12 3 runed translucent doors, Cooqonn's ghost, journeyman DsAl
Lair:5 2 transporters, Ciut's ghost, journeyman OpDe
Spider:2 exclusion: upstairs


Innate Abilities, Weirdness & Mutations

You have sharp claws.
You have razor-sharp teeth.
You have supernaturally acute eyesight. (SInv)
Your thick and shaggy fur keeps you warm. (AC +3, rC+)
Your paws help you pounce on unaware monsters.
You are incapable of wielding weapons or throwing items.
You cannot wear armour.
You gain extra lives every three experience levels.


Message History

Moving in this stuff is going to be slow.
Partly explored, can't reach some places.
Saving game... please wait.
Welcome back, croobank the Felid Summoner.
Kikubaaqudgha says: Spread unending torment and darkness!
Press ? for a list of commands and other information.
You enter the shallow water.
Moving in this stuff is going to be slow.
You enter the shallow water.
Moving in this stuff is going to be slow.
There is a stone staircase leading down here.
Cast which spell? (? or * to list)
You call upon the dead to rise.
Casting: Animate Dead (safe; 0% risk of failure)
Confirm with . or Enter, or press ? or * to list all spells.
Malign forces permeate your being, awaiting release.
You climb downwards.
A malevolent force fills the Swamp... and a teleportation trap spontaneously manifests!
You are yanked towards a nearby monster!
Your surroundings suddenly seem different.
An eleionoma comes into view.
Casting: Death Channel (mildly dangerous; 1% risk of failure)
Confirm with . or Enter, or press ? or * to list all spells.
A mana viper appears with a sibilant hiss.
The eleionoma shouts!
The eleionoma hurls a spray of splinters at you.
The spray of wooden splinters hits you!!!
Casting: Summon Mana Viper (dangerous; 1% risk of failure)
Confirm with . or Enter, or press ? or * to list all spells.
Your mana viper barely misses the eleionoma.
The eleionoma closely misses you.
Casting: Summon Cactus Giant (dangerous; 3% risk of failure)
Confirm with . or Enter, or press ? or * to list all spells.
You call upon the dead to rise.
Your mana viper bites the eleionoma!!
The eleionoma's magic leaks into the air.
The eleionoma hurls a spray of splinters at you.
The spray of wooden splinters hits you!!!
Ouch! That really hurt!
You die...
Kikubaaqudgha rasps: "You have failed me!
Welcome... death!"

♣♣♣♣
♣..♣
♣@R♣
♣SC♣
♣...♣
..♣.♣
♣♣...
♣♣..
♣..
♣.♣


You could see an eleionoma (ally target, magic disrupted), a friendly mana viper
(summoned) and a friendly cactus giant (summoned).

Vanquished Creatures
  An orc warlord (Orc:2)
  A ghost moth (Spider:3)
  A deep elf demonologist (Elf:2)
  A dire elephant (Lair:5)
  Josephine (D:12)
  2 quicksilver dragon zombies (D:15)
  7 hydras
  2 ogre magi (Orc:2)
  Erica (D:8)
  A jorogumo (Spider:4)
  A radroach (Spider:3)
  A dancing weapon (Elf:1)
  7 two-headed ogres
  2 boulder beetles
  5 death yaks (Lair:5)
  A demonic crawler (Spider:1)
  A deep troll shaman (Lair:5)
  6 deep elf knights
  A skyshark (Lair:4)
  A goliath frog (Swamp:1)
  A skeletal warrior (D:15)
  A sun moth (Spider:1)
  3 deep elf archers
  8 deep elf pyromancers
  An ugly thing zombie (Elf:2)
  A wolf spider (Spider:1)
  A necromancer (D:15)
  An orc knight (Orc:1)
  3 deep elf zephyrmancers
  2 cyclopes
  A manticore (D:12)
  2 orc sorcerers (Orc:1)
  3 ugly things (D:15)
  2 elephants (Lair:5)
  A black mamba (Lair:5)
  A torpor snail (Lair:5)
  5 cane toads
  2 gargoyles
  4 komodo dragons
  5 trolls
  2 polar bears (Lair:5)
  A tarantella (Spider:1)
  A radroach zombie (Spider:1)
  A shadow (D:11)
  3 jumping spiders
  A culicivora (Spider:2)
  An air elemental (Elf:2)
  A vampire (D:12)
  4 wraiths
  25 yaks
  A spriggan skeleton (D:15)
  2 wyverns
  A basilisk (Lair:2)
  3 vampire mosquitoes (D:12)
  A redback (Lair:3)
  3 acid dragons
  A swamp worm (Lair:3)
  5 water moccasins
  Edmund (D:6)
  7 orc warriors
  2 elf zombies (Elf:3)
  3 black bears
  A laughing skull (D:15)
  7 ogres
  2 wolves (Lair:5)
  A centaur (D:9)
  2 bullfrogs
  A gnoll sergeant (D:7)
  An earth elemental (Volcano)
  6 wights
  A killer bee (D:8)
  3 electric eels
  3 orc priests
  2 jellies
  2 orc wizards (Orc:2)
  A nameless horror (D:5)
  An adder (D:6)
  A dart slug (D:4)
  5 orcs
  2 endoplasms
  A giant cockroach (D:3)
  A hobgoblin (D:4)
  A kobold (D:6)
  A quokka (D:3)
  A bat (D:1)
209 creatures vanquished.

Vanquished Creatures (collateral kills)
  Nikola (Spider:1)
  Arachne (Spider:4)
  2 deep elf blademasters
  Agnes (Spider:2)
  A fenstrider witch (Swamp:1)
  5 ghost moths
  Louise (Spider:4)
  2 emperor scorpions (Spider:4)
  2 deep elf elementalists
  3 broodmothers
  A very ugly thing (Elf:2)
  An eleionoma (Swamp:1)
  A deep elf annihilator (Elf:3)
  A bunyip (Swamp:1)
  A fire dragon (D:15)
  A deep elf high priest (Elf:3)
  4 entropy weavers
  3 hydras
  A jorogumo (Spider:4)
  A vault guard (D:13)
  2 ogre magi (Orc:2)
  2 centaur warriors
  A catoblepas (Lair:3)
  22 dancing weapons
  7 two-headed ogres (Orc:2)
  2 tengu warriors
  An orc high priest (Elf:1)
  4 death yaks
  2 demonic crawlers
  A spriggan berserker (Swamp:1)
  10 deep elf knights
  3 pharaoh ants
  A skeletal warrior (D:15)
  A goliath frog (Swamp:1)
  2 spriggan druids (Swamp:1)
  A spriggan rider (Swamp:1)
  6 orb spiders
  A swamp dragon (Swamp:1)
  2 bog bodies (Swamp:1)
  8 deep elf archers
  A necromancer (Swamp:1)
  15 deep elf pyromancers
  4 steelbarb worms
  10 ugly things
  2 cyclopes
  An oklob plant (Lair:1)
  A will-o-the-wisp (Swamp:1)
  12 deep elf zephyrmancers
  3 orc sorcerers
  A broodmother zombie (Spider:3)
  16 wolf spiders
  A manticore (D:14)
  2 kobold blastminers
  6 meliai
  3 moths of wrath
  A black mamba (Lair:5)
  2 elephants (Lair:5)
  10 torpor snails
  A gargoyle (Volcano)
  2 cane toads
  A kobold demonologist (D:13)
  2 rime drakes
  A freezing wraith (D:14)
  An efreet (Volcano)
  2 tengu conjurers
  2 trolls
  2 tyrant leeches
  19 tarantellas
  6 hornets
  15 blink frogs
  7 dream sheep (Lair:4)
  24 jumping spiders
  3 air elementals
  20 culicivoras
  2 spriggans (Swamp:1)
  3 water elementals
  5 wraiths
  3 wyverns
  5 fire elementals
  A hog (shapeshifter) (Elf:1)
  10 yaks
  2 wargs
  55 redbacks
  3 vampire mosquitoes
  2 basilisks
  3 swamp worms
  3 acid dragons
  11 water moccasins
  An ice beast (D:6)
  3 sky beasts
  2 black bears
  7 orc warriors
  22 ogres
  2 centaurs
  6 wolves
  A kobold brigand (D:6)
  A gnoll sergeant (D:11)
  8 bullfrogs
  4 earth elementals
  6 wights
  2 killer bees (D:8)
  8 howler monkeys
  4 jellies
  2 bombardier beetles
  6 hounds
  9 orc priests
  2 sleepcaps
  3 iron imps (D:3)
  Terence (D:2)
  An iguana (Lair:3)
  23 orc wizards
  A human simulacrum (D:11)
  A mummy (D:5)
  11 gnolls
  An adder (D:3)
  2 shadow imps
  2 white imps
  2 ufetubi (D:5)
  4 dart slugs
  47 orcs
  A ball python (D:1)
  6 endoplasms
  2 giant cockroaches
  A goblin (D:1)
  6 hobgoblins
  4 jackals (D:4)
  9 kobolds
  A quokka (D:4)
  3 bats
  4 frilled lizards
  2 hobgoblin zombies (D:5)
  A kobold zombie (D:5)
  An orc zombie (D:5)
  5 rats
661 creatures vanquished.

Vanquished Creatures (others)
  Jorgrun (Elf:2)
  A deep elf master archer (Elf:3)
  A deep elf blademaster (Elf:3)
  A ghost moth (Spider:4)
  An orc warlord (Orc:1)
  3 broodmothers
  A bunyip (Swamp:1)
  A deep elf demonologist (Elf:3)
  2 deep elf annihilators (Elf:3)
  A spark wasp (Spider:4)
  A very ugly thing zombie (Elf:2)
  An entropy weaver (Spider:4)
  7 vault guards (D:13)
  A jorogumo (Spider:1)
  A centaur warrior (D:15)
  4 two-headed ogres (Orc:2)
  5 radroaches
  A boulder beetle (D:13)
  A vampire mage (D:15)
  An orc high priest (Elf:1)
  A tengu warrior (D:14)
  A demonic crawler (Spider:1)
  12 deep elf knights
  A pharaoh ant (Spider:2)
  A ghost moth zombie (Spider:3)
  A bunyip zombie (Swamp:1)
  A goliath frog (Swamp:1)
  A spriggan druid (Swamp:1)
  A swamp dragon (Swamp:1)
  4 orb spiders
  26 deep elf pyromancers
  14 deep elf archers
  9 wolf spider zombies
  A goliath frog zombie (Swamp:1)
  10 wolf spiders
  7 ugly things
  24 deep elf zephyrmancers
  A manticore (D:13)
  An arcanist (D:6)
  A steelbarb worm (Spider:3)
  A cyclops (D:14)
  2 meliai
  An eye of devastation (shapeshifter) (Elf:3)
  2 moths of wrath
  2 kobold blastminers
  A dwarf zombie (Elf:2)
  A centaur zombie (D:13)
  A black mamba (Lair:1)
  A komodo dragon (shapeshifter) (D:14)
  3 swamp worm zombies (Swamp:1)
  2 orb spider zombies
  2 steelbarb worm zombies
  33 redback zombies
  3 hydra zombies
  2 bloated husks (Swamp:1)
  2 human zombies (D:13)
  2 trolls
  A moth of wrath zombie (Spider:4)
  3 tarantella zombies
  6 hornets (Spider:4)
  10 jumping spider zombies
  A blink frog (Lair:5)
  6 tarantellas
  2 radroach zombies (Spider:3)
  12 ugly thing zombies
  7 jumping spiders
  9 culicivora zombies
  10 culicivoras
  A spriggan (Swamp:1)
  A yak (shapeshifter) (Elf:3)
  A basilisk (D:14)
  A basilisk (shapeshifter) (Elf:3)
  A tyrant leech zombie (Swamp:1)
  13 redbacks
  2 swamp worms (Swamp:1)
  2 entropy weaver zombies
  2 tengu zombies (Swamp:1)
  8 orc warriors
  A hornet zombie (Swamp:1)
  A swamp drake (Swamp:1)
  A swamp dragon zombie (Swamp:1)
  A laughing skull (D:15)
  51 elf zombies
  A manticore zombie (D:13)
  3 ogres (Orc:2)
  A hog zombie (Elf:1)
  A centaur (D:15)
  3 torpor snail zombies (Spider:2)
  A cyclops zombie (D:14)
  2 troll zombies
  5 spriggan zombies (Swamp:1)
  A basilisk zombie (D:14)
  5 orc priests
  An orc wizard (Orc:1)
  An ogre zombie (Orc:2)
  A human simulacrum (D:11)
  A gnoll (D:11)
  A swamp drake zombie (Swamp:1)
  10 orc zombies
  6 orcs
  139 blazeheart cores
552 creatures vanquished.

Grand Total: 1422 creatures vanquished

Notes
Turn   | Place    | Note
-------+----------+-------------------------------------------
     0 | D:1      | croobank the Felid Summoner began the quest for the Orb.
     0 | D:1      | Reached XP level 1. HP: 9/9 MP: 4/4
   361 | D:1      | Reached XP level 2. HP: 13/13 MP: 3/6
   364 | D:1      | Learned a level 2 spell: Call Imp
  1389 | D:2      | Noticed Terence
  1623 | D:2      | Reached XP level 3. HP: 16/16 MP: 3/7
  1627 | D:2      | Learned a level 3 spell: Call Canine Familiar
  1688 | D:2      | Found Tetter's Weapon Shop.
  1916 | D:2      | Found a faded altar of an unknown god.
  2278 | D:2      | Killed Terence
  2358 | D:3      | Reached XP level 4. HP: 21/21 MP: 1/8
  2358 | D:3      | Gained a life (2 lives remaining)
  3104 | D:3      | Found a burning altar of Makhleb.
  3124 | D:3      | Reached XP level 5. HP: 24/24 MP: 4/10
  3400 | D:4      | Found Tofetymism's Weapon Shop.
  3404 | D:4      | Found a shimmering altar of Xom.
  3454 | D:4      | Reached skill level 5 in Stealth
  3673 | D:4      | Gained mutation: You are covered in thick fur. (AC +2)
                  | [Felid growth]
  3673 | D:4      | Reached XP level 6. HP: 28/28 MP: 4/11
  3678 | D:4      | Learned a level 4 spell: Summon Blazeheart Golem
  3783 | D:4      | Reached skill level 5 in Summonings
  3889 | D:4      | Reached skill level 5 in Dodging
  3891 | D:4      | Identified the +11 trident "Qemiurcho" {protect, rCorr
                  | Int+2 Stlth+}
  4016 | D:4      | Found a sacrificial altar of Ru.
  4422 | D:5      | Entered Level 5 of the Dungeon
  4423 | D:5      | Noticed a water moccasin
  4438 | D:5      | Killed a water moccasin
  4439 | D:5      | Reached skill level 1 in Fighting
  4439 | D:5      | Reached skill level 1 in Fire Magic
  4439 | D:5      | Found a shadowy altar of Dithmenos.
  4485 | D:5      | Found a sparkling altar of Nemelex Xobeh.
  4571 | D:5      | Found Hujacs's Assorted Antiques.
  4575 | D:5      | Bought a potion of curing for 75 gold pieces
  4575 | D:5      | Bought a scroll of identify for 50 gold pieces
  4575 | D:5      | Bought a bubbling orange potion for 22 gold pieces
  4575 | D:5      | Bought a metallic golden potion for 22 gold pieces
  4595 | D:5      | Reached XP level 7. HP: 32/33 MP: 7/13
  4833 | D:5      | Found Utze's Antique Armour Emporium.
  5153 | D:5      | Found Punaony's Distillery.
  5196 | D:5      | Bought a potion of curing for 45 gold pieces
  5359 | D:5      | Found a shimmering blue altar of Sif Muna.
  5361 | D:5      | Found a hazy altar of Hepliaklqana.
  5478 | D:5      | Found Iwyc Cefuar's Magic Scroll Shoppe.
  5574 | D:5      | Found Rovagg's Weapon Shop.
  6003 | D:6      | Reached XP level 8. HP: 39/39 MP: 8/15
  6047 | D:6      | Noticed Edmund
  6068 | D:6      | Killed Edmund
  6768 | D:6      | Reached skill level 5 in Spellcasting
  7249 | D:6      | Reached XP level 9. HP: 45/45 MP: 13/17
  7282 | D:6      | Found a bloodstained altar of Trog.
  7327 | D:6      | Noticed a wizard
  7332 | D:6      | Killed a wizard
  7512 | D:7      | Learned a level 4 spell: Summon Lightning Spire
  7514 | D:7      | Found a staircase to the Ecumenical Temple.
  7536 | Temple   | Entered the Ecumenical Temple
  7578 | Temple   | Became a worshipper of Kikubaaqudgha
  7761 | D:7      | Identified the amulet of Bufeat {Acrobat rElec rC++ Dex-2}
  7792 | D:7      | Found a transporter.
  7795 | D:7      | Noticed solopath's ghost (novice TrFi)
  7801 | D:7      | Found a transporter.
  8056 | D:7      | Killed by an exploding blazeheart core
  8056 | D:7      | Lost a life (1 life remaining)
  9149 | D:8      | Reached skill level 5 in Fighting
  9165 | D:8      | Reached * piety under Kikubaaqudgha
  9165 | D:8      | Received a gift from Kikubaaqudgha
  9558 | D:8      | Noticed Erica
  9584 | D:8      | Killed Erica
  9585 | D:8      | Reached skill level 5 in Fire Magic
  9585 | D:8      | Reached XP level 10. HP: 15/53 MP: 7/20
  9585 | D:8      | Gained a life (2 lives remaining)
 10273 | D:9      | Reached skill level 1 in Air Magic
 10543 | D:9      | Found an opulent altar of Gozag.
 10543 | D:9      | Noticed a two-headed ogre
 10545 | D:9      | Found an ornate altar of the Wu Jian Council.
 10559 | D:9      | Killed a two-headed ogre
 10560 | D:9      | Reached skill level 10 in Dodging
 10984 | D:9      | Reached ** piety under Kikubaaqudgha
 11126 | D:9      | Found a white marble altar of Elyvilon.
 11475 | D:10     | Entered Level 10 of the Dungeon
 11565 | D:5      | Bought a scroll of identify for 20 gold pieces
 11565 | D:5      | Bought a scroll of identify for 20 gold pieces
 11565 | D:5      | Bought a scroll of identify for 20 gold pieces
 11565 | D:5      | Bought 2 scrolls of teleportation for 60 gold pieces
 11565 | D:5      | Bought a scroll of identify for 20 gold pieces
 11568 | D:5      | Identified a scroll of acquirement
 11570 | D:5      | Acquired the ring of Teryqaf {Wiz *Slow Str+5 Int+5}
 12118 | D:10     | Reached XP level 11. HP: 50/58 MP: 16/22
 12232 | D:10     | Found a staircase to the Lair.
 13122 | D:11     | Reached skill level 5 in Air Magic
 13872 | D:11     | Found Usug's Magic Scroll Shop.
 13880 | D:11     | Bought a scroll of identify for 26 gold pieces
 13880 | D:11     | Bought a scroll of identify for 26 gold pieces
 13880 | D:11     | Bought a scroll of poison for 52 gold pieces
 14400 | D:11     | Found a staircase to the Orcish Mines.
 14656 | D:12     | Found a runed translucent gate.
 14657 | D:12     | Found a runed translucent gate.
 14657 | D:12     | Noticed an ice dragon
 14658 | D:12     | Found a runed translucent gate.
 14660 | D:12     | Noticed a deep elf pyromancer
 14662 | D:12     | Noticed a deep elf pyromancer
 14680 | D:12     | Noticed a two-headed ogre
 14688 | D:12     | Killed a two-headed ogre
 15212 | D:12     | Reached *** piety under Kikubaaqudgha
 15212 | D:12     | Received a gift from Kikubaaqudgha
 15460 | D:12     | Noticed Cooqonn's ghost (journeyman DsAl)
 15697 | D:12     | Found a stormy altar of Qazlal.
 15950 | D:12     | Noticed Josephine
 15970 | D:12     | Killed Josephine
 16338 | Lair:1   | Entered Level 1 of the Lair of Beasts
 16396 | Lair:1   | Learned a level 4 spell: Anguish
 16609 | Lair:1   | Reached skill level 10 in Summonings
 16665 | Lair:1   | Gained mutation: Your thick and shaggy fur keeps you warm.
                  | (AC +3, rC+) [Felid growth]
 16665 | Lair:1   | Reached XP level 12. HP: 52/65 MP: 18/25
 17244 | Lair:1   | Mangled by a blink frog
 17244 | Lair:1   | Lost a life (1 life remaining)
 17558 | Lair:1   | HP: 2/64 [blink frog (13)]
 17973 | Lair:1   | Identified the +2 war axe "Fihoum" {freeze, rPois rN+ Str-3
                  | Dex+2}
 17994 | Lair:2   | Learned a level 3 spell: Mephitic Cloud
 18205 | Lair:2   | Reached skill level 1 in Hexes
 18364 | Lair:2   | Reached skill level 1 in Necromancy
 18602 | Lair:2   | Found a dark tunnel.
 18615 | Volcano  | Entered a volcano
 18624 | Volcano  | Reached skill level 1 in Conjurations
 18624 | Volcano  | Reached skill level 1 in Alchemy
 18631 | Volcano  | Found a large runed translucent door.
 19004 | Volcano  | Found a large runed translucent door.
 19005 | Volcano  | Found a large runed translucent door.
 19009 | Volcano  | Noticed a stone giant
 19010 | Volcano  | Noticed a stone giant
 19408 | Lair:3   | Noticed a catoblepas
 19424 | Lair:3   | Killed a catoblepas
 19646 | Lair:3   | Found a hole to the Spider Nest.
 19873 | Lair:3   | Noticed a six-headed hydra
 19881 | Lair:3   | Killed a six-headed hydra
 19882 | Lair:3   | Reached skill level 10 in Fighting
 20282 | Lair:3   | Found the +3 Elemental Staff {ele, rElec rF+ rC+ AC+3}
 20732 | Lair:3   | Reached skill level 10 in Spellcasting
 20842 | Lair:3   | Noticed a six-headed hydra
 20843 | Lair:3   | Noticed an eight-headed hydra
 20850 | Lair:3   | Killed a six-headed hydra
 20852 | Lair:3   | Killed an eight-headed hydra
 20852 | Lair:3   | Reached **** piety under Kikubaaqudgha
 20947 | Lair:3   | Found a staircase to the Swamp.
 21046 | Lair:4   | Reached skill level 5 in Necromancy
 21046 | Lair:4   | Reached XP level 13. HP: 72/72 MP: 22/28
 21046 | Lair:4   | Gained a life (2 lives remaining)
 22404 | Lair:5   | Entered Level 5 of the Lair of Beasts
 22422 | Lair:5   | Learned a level 6 spell: Death Channel
 22959 | Lair:5   | Reached skill level 10 in Necromancy
 23013 | Lair:5   | Found a staircase to the Slime Pits.
 23014 | Lair:5   | Found a viscous altar of Jiyva.
 23021 | Lair:5   | Reached ***** piety under Kikubaaqudgha
 23258 | Lair:5   | Found a transporter.
 23269 | Lair:5   | Noticed Ciut's ghost (journeyman OpDe)
 23272 | Lair:5   | Found a transporter.
 24207 | Lair:5   | Noticed a dire elephant
 24229 | Lair:5   | Killed a dire elephant
 24422 | Lair:5   | Identified the ring of Joliu {Ice rElec Will- rCorr Slay+4}
 24720 | Orc:1    | Entered Level 1 of the Orcish Mines
 24896 | Orc:2    | Entered Level 2 of the Orcish Mines
 24935 | Orc:2    | Noticed an orc warlord
 24947 | Orc:2    | Killed an orc warlord
 24948 | Orc:2    | Reached XP level 14. HP: 55/77 MP: 3/29
 25883 | Orc:2    | Found a staircase to the Elven Halls.
 25905 | Orc:2    | Found an iron altar of Okawaru.
 26711 | Orc:2    | Found Isumoh's Book Boutique.
 26738 | Orc:2    | Found Coapeo's Jewellery Shoppe.
 26738 | Orc:2    | Found Emops's Distillery.
 26738 | Orc:2    | Found Bopu's Book Shoppe.
 26746 | Orc:2    | Bought a book of Death for 572 gold pieces
 26751 | Orc:2    | Learned a level 4 spell: Animate Dead
 26754 | Orc:2    | Bought a book of Beasts for 468 gold pieces
 26754 | Orc:2    | Bought a book of Scorching for 390 gold pieces
 27391 | D:5      | Bought a scroll of teleportation for 30 gold pieces
 27391 | D:5      | Bought a scroll of amnesia for 40 gold pieces
 27391 | D:5      | Bought a scroll of teleportation for 30 gold pieces
 27391 | D:5      | Bought a scroll of amnesia for 40 gold pieces
 27600 | Elf:1    | Entered Level 1 of the Elven Halls
 27626 | Elf:1    | Reached skill level 15 in Necromancy
 28139 | Elf:1    | Reached XP level 15. HP: 68/80 MP: 9/30
 28796 | D:5      | Bought a potion of heal wounds for 75 gold pieces
 29073 | Elf:1    | Shot with an arrow by a deep elf archer
 29073 | Elf:1    | Lost a life (1 life remaining)
 29437 | Elf:1    | Learned a level 6 spell: Summon Cactus Giant
 29713 | Elf:1    | Found a portal to a secret trove of treasure.
 29729 | Elf:1    | Shot with an arrow by a deep elf archer
 29729 | Elf:1    | Lost a life (0 lives remaining)
 29937 | Spider:1 | Entered Level 1 of the Spider Nest
 30524 | Spider:1 | You fall into a shaft and drop 1 floor!
 30721 | Spider:1 | Noticed Nikola
 30949 | Spider:2 | Noticed Agnes
 30953 | Spider:2 | Killed Agnes
 31738 | Spider:1 | Killed Nikola
 32380 | Spider:1 | Reached XP level 16. HP: 85/85 MP: 15/33
 32380 | Spider:1 | Gained a life (1 life remaining)
 33700 | Spider:3 | Reached skill level 10 in Stealth
 35229 | Spider:4 | Entered Level 4 of the Spider Nest
 35295 | Spider:4 | Noticed Louise
 35316 | Spider:4 | Killed Louise
 35401 | Spider:4 | Noticed Arachne
 35407 | Spider:4 | Killed Arachne
 35467 | Spider:4 | Got a gossamer rune of Zot
 35734 | Spider:4 | Reached XP level 17. HP: 89/89 MP: 23/36
 35734 | Spider:4 | Gained a life (2 lives remaining)
 36660 | D:13     | Found a blossoming altar of Fedhas.
 36919 | D:13     | Found a gate to the Vaults.
 37263 | D:14     | Reached skill level 15 in Stealth
 37282 | D:14     | Reached ****** piety under Kikubaaqudgha
 38165 | D:15     | Entered Level 15 of the Dungeon
 38381 | D:15     | Received a gift from Kikubaaqudgha (forbidden knowledge)
 38626 | D:15     | Found a staircase to the Depths.
 38809 | D:15     | Found Ketautop's Weapon Boutique.
 40593 | Elf:1    | Reached skill level 1 in Evocations
 41055 | Elf:2    | Paralysed by an air elemental for 1 turns
 41069 | Elf:2    | Paralysed by an air elemental for 1 turns
 41503 | D:11     | Bought a scroll of teleportation for 39 gold pieces
 41503 | D:11     | Bought a scroll of teleportation for 39 gold pieces
 41503 | D:11     | Bought a scroll of teleportation for 39 gold pieces
 41694 | Elf:1    | You paid a toll of 13 scrolls of teleportation to enter a
                  | treasure trove
 41695 | Trove    | Entered a treasure trove
 41743 | Elf:1    | Reached XP level 18. HP: 93/93 MP: 37/37
 41775 | Elf:1    | Learned a level 5 spell: Summon Mana Viper
 41781 | Elf:1    | Learned a level 5 spell: Borgnjor's Vile Clutch
 41786 | Elf:2    | Noticed an Ice Fiend
 43249 | Elf:2    | Identified the +4 rapier of Inoelule {venom, Dex+3}
 44843 | Elf:2    | Paralysed by an air elemental for 1 turns
 44849 | Elf:2    | Paralysed by an air elemental for 1 turns
 45198 | Elf:2    | Found a runed translucent gate.
 45198 | Elf:2    | Found a runed translucent gate.
 45198 | Elf:2    | Found a runed translucent gate.
 45209 | Elf:2    | Reached skill level 15 in Spellcasting
 45753 | Elf:2    | HP: 2/93 [poisoned by a +4 halberd of venom]
 45753 | Elf:2    | Mangled by a +4 halberd of venom
 45753 | Elf:2    | Lost a life (1 life remaining)
 45790 | Elf:2    | Reached XP level 19. HP: 72/98 MP: 11/39
 45790 | Elf:2    | Gained a life (2 lives remaining)
 46665 | Elf:2    | Noticed Jorgrun
 46683 | Elf:2    | Killed Jorgrun
 46843 | Elf:2    | Your ally Jorgrun died
 47445 | Elf:3    | Entered Level 3 of the Elven Halls
 48350 | Elf:3    | Identified the +7 rapier "Atygoyl" {flame, +Blink Int+4}
 48507 | Elf:3    | Slain by a deep elf blademaster
 48507 | Elf:3    | Lost a life (1 life remaining)
 48535 | Elf:3    | Reached skill level 5 in Hexes
 49319 | Elf:3    | Reached skill level 1 in Shapeshifting
 50387 | Swamp:1  | Entered Level 1 of the Swamp
 50833 | Swamp:1  | Killed from afar by a spriggan druid
 50833 | Swamp:1  | Lost a life (0 lives remaining)
 51210 | Swamp:1  | Found a white marble altar of Elyvilon.
 52026 | Swamp:2  | Killed from afar by an eleionoma

Illustrated notes

Levels and vault maps discovered:
D:1:      nzn_arrival_depleted_hourglass, layout_basic, serial_glass,
          glass_columns_b, glass_columns_c, chequers_jeans
D:2:      layout_basic, serial_shops, nicolae_shop_bloodbath_and_beyond,
          hellmonk_ecumenical_altar_heavens_door, uniq_terence
D:3:      layout_rooms, demons_altar, minmay_tree_intersection
D:4:      layout_basic, xom_teletrap_fun, mainiacjoe_overflow_paths,
          serial_shops, nicolae_shop_peninsula
D:5:      layout_basic, nicolae_overflow_hidden_temple, serial_shops, shop,
          kennysheep_mini, nicolae_shop_industrial_runoff,
          nicolae_shop_tiny_statue_garden, shop, minmay_mini_ossuary
D:6:      layout_loops_corners, trog_wizard, uniq_edmund
D:7:      layout_basic, minmay_temple_entry_ruins, gammafunk_ghost_arena,
          bh_walls_and_bars
D:8:      layout_basic, nicolae_twisty_statue_hallways, uniq_erica
D:9:      nicolae_cairo_tiling_large, layout_loops_ring, jmf_multi_god_temple,
          elyvilon_altar_4, dk_vineyard_3
D:10:     layout_cave_pools, lair_entry_dummy, serial_co_window_serial,
          co_window_cross_1, co_window_paths_a, co_window_paths_a,
          co_window_of_opportunity_a, co_window_paths_a, co_window_paths_a,
          co_window_paths_b, co_window_paths_c, co_window_2corner,
          co_window_2corner, co_window_corner_b, co_window_2corner,
          co_window_broadway_c, co_window_paths_c, glass_columns_a,
          glass_columns_a, glass_columns_c, glass_columns_c, glass_columns_a
D:11:     layout_basic, hiddenorc1_lemuel, serial_shops, shop, bh_circular_ruins
D:12:     layout_loops_corners, gammafunk_ghost_split,
          nicolae_qazlal_style_of_elements, uniq_josephine
D:13:     layout_gridville, erik_vaults_2, fedhas_ov_isle_minmay
D:14:     layout_cave_pools
D:15:     gammafunk_depths_entry_grave, layout_basic, serial_shops, shop_coins,
          minivault_14, nicolae_concentric_dashed_squares_mild
Temple:   minmay_temple_curvy_loop
Lair:1:   layout_hall_layers, serial_bayou_shore_a
Lair:2:   layout_loops_ring, lightli_volcano_entry_magma_tube,
          infiniplex_staircase_pool
Lair:3:   layout_cave_shapes, palyth_hydra_swamp_entry, spider_nest_entry_a
Lair:4:   gammafunk_indiana_jones, layout_concentric_octagons,
          serial_bayou_pond_b
Lair:5:   grunt_lair_end_beastmaster, layout_concentric_octagons,
          nicolae_slime_entry_slimehenge, gammafunk_ghost_arena,
          grunt_megastairs_5
Swamp:1:  nicolae_swamp_standing_stones, layout_falls_marsh, serial_swamp_ruin,
          evilmike_swamp_ruin_house_1, evilmike_swamp_ruin_house_5,
          evilmike_swamp_ruin_house_3, swamp_pool_1_2, nicolae_swamp_godswood,
          kb_tengu_band
Swamp:2:  layout_falls_marsh, gammafunk_ghost_grave,
          evilmike_swamp_ruin_house_2, uniq_aizul
Spider:1: layout_spider_delve, uniq_nikola
Spider:2: layout_spider_delve, nicolae_spider_moth_buddies, uniq_agnes
Spider:3: layout_chambers
Spider:4: grunt_spider_rune_parallel, lemuel_hornet_nest, uniq_louise,
          uniq_arachne
Orc:1:    layout_diamond_mine, nicolae_orc_lost_temple
Orc:2:    st_orc_ogre_mass, layout_caves, okawaru_metal_pillars_3
Elf:1:    nicolae_elf_arrival_no_cutting_in_line, layout_geoelf_octagon,
          enter_trove_0, hangedman_elven_crosses_minicolossus
Elf:2:    nicolae_elf_blades_splatter_lattice [mumra_blade_entry_dagger],
          layout_geoelf_grid, portal_ice_cave_entry_ugly_swarm, uniq_jorgrun
Elf:3:    minmay_elf_hall, layout_loops_corners, minmay_shop_grove

Skill      XL: |  1  2  3  4  5  6  7  8  9 10 11 12 13 14 15 16 17 18 19 |
---------------+----------------------------------------------------------+-----
Dodging        | 3 4 5 6 7 9 10 | 10.0
Stealth        | 3 4 5 8 14 19 20 | 20.6
Spellcasting   | 3 4 5 6 7 8 10 12 14 15 | 15.4
Summonings     | 5 6 7 8 10 11 12 | 12.0
Fighting       | 1 2 4 5 7 8 10 | 10.0
Fire Magic     | 1 2 3 5 |  5.0
Air Magic      | 4 7 |  7.0
Hexes          | 3 7 |  7.0
Necromancy     | 5 12 15 16 18 19 20 | 20.2
Conjurations   | 3 |  3.0
Alchemy        | 3 |  3.0
Evocations     | 2 3 4 |  4.3
Shapeshifting  | 3 |  3.2

Action                     |  1- 3 |  4- 6 |  7- 9 | 10-12 | 13-15 | 16-18 | 19-21 || total
---------------------------+-------+-------+-------+-------+-------+-------+-------++-------
  Melee: Unarmed           |     6 |    30 |    24 |   104 |   121 |    44 |    12 ||   341
         Punch             |     2 |     1 |     1 |     1 |       |       |       ||     5
         Bite              |     1 |     2 |     2 |    22 |    19 |     8 |     1 ||    55
   Cast: Summon Small Mamm |    50 |    34 |    19 |    22 |    10 |       |       ||   135
         Call Imp          |    17 |    21 |    24 |    22 |    13 |     2 |       ||    99
         Call Canine Famil |     2 |    13 |    21 |    25 |    19 |     8 |       ||    88
         Summon Blazeheart |       |     2 |    30 |    80 |    58 |    32 |     8 ||   210
         Summon Lightning  |       |       |     6 |    37 |    53 |    39 |    10 ||   145
         Anguish           |       |       |       |    12 |    82 |   131 |    34 ||   259
         Mephitic Cloud    |       |       |       |       |    23 |     5 |     4 ||    32
         Death Channel     |       |       |       |       |    25 |    52 |    11 ||    88
         Animate Dead      |       |       |       |       |    11 |    31 |    10 ||    52
         Summon Cactus Gia |       |       |       |       |     6 |    31 |    28 ||    65
         Summon Mana Viper |       |       |       |       |       |    12 |    29 ||    41
         Borgnjor's Vile C |       |       |       |       |       |     4 |     3 ||     7
 Invoke: Unearth Wretches  |       |       |       |       |     8 |     9 |    11 ||    28
         Receive Forbidden |       |       |       |       |       |     1 |       ||     1
  Evoke: Wand              |       |       |       |     5 |    22 |     4 |     4 ||    35
    Use: Potion            |     1 |       |     1 |     4 |    15 |     6 |     3 ||    30
         Scroll            |       |     9 |    10 |    10 |    13 |     9 |     2 ||    53
   Stab: Sleeping          |       |     2 |     3 |       |       |     1 |       ||     6
         Distracted        |       |       |       |     4 |     5 |     2 |     1 ||    12
         Petrified         |       |       |       |     5 |       |       |       ||     5
         Confused          |       |       |       |       |     2 |       |       ||     2
         Paralysed         |       |       |       |       |    12 |     6 |     9 ||    27
         Invisible         |       |       |       |       |     1 |       |       ||     1
 Armour: Skin              |     5 |    15 |    24 |    83 |   121 |   122 |    40 ||   410
  Dodge: Dodged            |    17 |    44 |    90 |   159 |   301 |   256 |    42 ||   909
